 Dungeon Crawl Stone Soup version 0.28-a0-595-g9f6c0e134a (webtiles) character file.

Game seed: 15629021592164020327

1977 lunkers the Grappler (level 9, -12/89 HPs)
             Began as a Troll Cinder Acolyte on Oct 5, 2021.
             Was a High Priest of Ignis.
             Mangled by a seven-headed hydra (13 damage)
             ... on level 9 of the Dungeon.
             The game lasted 00:07:57 (4450 turns).

lunkers the Grappler (Troll Cinder Acolyte)         Turns: 4450, Time: 00:07:57

Health: -12/89     AC:  5    Str: 24    XL:     9   Next: 0%
Magic:  9/9        EV:  9    Int: 16    God:    Ignis [*****.]
Gold:   350        SH:  0    Dex: 14    Spells: 8/10 levels left

rFire   + . .      SeeInvis .     - Unarmed
rCold   . . .      Faith    .   (no shield)
rNeg    . . .      Spirit   .   a - +0 robe
rPois   .          Reflect  .   (helmet restricted)
rElec   .          Harm     .   v - +0 cloak
rCorr   .          Rampage  .   (gloves unavailable)
Will    .....                   (boots unavailable)
Stlth   +.........              (no amulet)
HPRegen 1.24/turn               e - +6 ring of intelligence
MPRegen 0.11/turn               x - +6 ring of dexterity

@: studying Slings
A: large, unfitting armour, claws 3, regeneration 1, shaggy fur 1, tough skin 1
a: Renounce Religion, Sea of Fire, Foxfire Swarm, Rising Flame


You were on level 9 of the Dungeon.
You worshipped Ignis.
Ignis was extremely pleased with you.
You visited 2 branches of the dungeon, and saw 8 of its levels.

You collected 350 gold pieces.

Inventory:

Missiles
 l - a throwing net
Armour
 a - a +0 robe (worn)
 o - a scarf of shadows
 v - a +0 cloak (worn)
Jewellery
 e - a +6 ring of intelligence (left claw)
 t - a ring of see invisible
 x - a +6 ring of dexterity (right claw)
Wands
 k - a wand of iceblast (1)
 r - a wand of polymorph (24)
 w - a wand of flame (12)
Scrolls
 b - a scroll of fog {unknown}
 h - 4 scrolls of enchant armour {unknown}
 i - 2 scrolls of blinking {unknown}
 j - a scroll of vulnerability {unknown}
 n - a scroll of enchant weapon {unknown}
 s - 2 scrolls of teleportation {unknown}
 y - a scroll of noise {unknown}
 z - a scroll of identify
 A - a scroll of amnesia {unknown}
Potions
 c - 4 potions of curing
 d - a potion of heal wounds
 f - a potion of lignification {unknown}
 g - 2 potions of flight
 m - 2 potions of magic
 p - a potion of brilliance {unknown}
 q - a potion of experience {unknown}
 u - a potion of berserk rage {unknown}


   Skills:
 + Level 6.1 Fighting
 * Level 10.1 Unarmed Combat
 - Level 1.0 Spellcasting
 - Level 2.1 Fire Magic


You had 8 spell levels left.
You knew the following spells:

 Your Spells              Type           Power      Damage    Failure   Level
p - Scorch                Fire           14%        2d6       14%         2

Your spell library contained the following spells:

 Spells                   Type           Power      Damage    Failure   Level
 Animate Skeleton         Necr           0%         N/A       22%         1
 Pain                     Necr           0%         1d4       22%         1
 Vampiric Draining        Necr           0%         2d6       56%         3
 Summon Forest            Summ/Tloc      0%         N/A       99%         5
 Eringya's Noxious Bog    Tmut/Pois      0%         N/A       100%        6
 Summon Hydra             Summ           0%         N/A       100%        7


Dungeon Overview and Level Annotations

Branches:
Dungeon (6/15)             Temple (1/1) D:4

Altars:
Ashenzari
Cheibriados
Dithmenos
Elyvilon
Fedhas
Hepliaklqana
Kikubaaqudgha
Makhleb
Qazlal
Ru
Sif Muna
Vehumet
Xom
Zin

Shops:
D:1 (*[*(

Annotations:
D:6 3 runed translucent doors


Innate Abilities, Weirdness & Mutations

You are too large for most types of armour.
You have claws for hands.
Your natural rate of healing is unusually fast.
You are covered in fur. (AC +1)
You have tough skin. (AC +1)


Message History

The seven-headed hydra completely misses you.
Aiming: Iceblast
Press: ? - help, Shift-Dir - straight line, f/p - seven-headed hydra
Aim: a seven-headed hydra (severely wounded) That beam is likely to hit you.
Continue anyway? [Y]es or [N]o only, please.
That beam is likely to hit you.
Continue anyway? [Y]es or [N]o only, please.
That beam is likely to hit you.
Continue anyway?
Okay, then.
Aiming: Iceblast
Press: ? - help, Shift-Dir - straight line, p - seven-headed hydra The mass of ice explodes!
The iceblast engulfs the seven-headed hydra!
The seven-headed hydra is almost dead.
The seven-headed hydra barely misses you.
The seven-headed hydra bites you!
* * * LOW HITPOINT WARNING * * *
The seven-headed hydra closely misses you.
The seven-headed hydra bites you!
* * * LOW HITPOINT WARNING * * *
The seven-headed hydra bites you!
* * * LOW HITPOINT WARNING * * *
The seven-headed hydra bites you but does no damage.
The seven-headed hydra bites you!
* * * LOW HITPOINT WARNING * * *
Aiming: Iceblast
Press: ? - help, Shift-Dir - straight line The mass of ice explodes!
The iceblast engulfs the seven-headed hydra.
The seven-headed hydra is almost dead.
You hear a shout!
The seven-headed hydra barely misses you.
The seven-headed hydra bites you!
* * * LOW HITPOINT WARNING * * *
The seven-headed hydra bites you!
* * * LOW HITPOINT WARNING * * *
The seven-headed hydra bites you but does no damage.
The seven-headed hydra bites you!
You die...

#.######.# #.......#
.# #........#
#.......#####.######
#.######.#
#...................
#.#
#.......#####.######
#.# #.......# .# #.#
#.......# .# ..#
#.......# .# ..#####
#.......# .# .......
#..@....# .. .).....
.......D.<..# .#
........
#####$......#
...>.... #..........
........ #.......###
........ #.......#
....... #.......#
....... #.......#
.......


You could see a seven-headed hydra.

Vanquished Creatures
  Sigmund (D:5)
  A wyvern (D:9)
  Edmund (D:5)
  An orc warrior (D:9)
  4 ogres
  A necrophage (D:4)
  A centaur (D:6)
  Blork the orc (D:4)
  A kobold brigand (D:9)
  A bullfrog (D:9)
  A water moccasin skeleton (D:4)
  A howler monkey (D:9)
  3 vampire bats (D:4)
  A centaur zombie (D:9)
  2 hounds
  A centaur skeleton (D:5)
  Terence (D:3)
  A scorpion zombie (D:5)
  2 iguanas
  5 orc wizards (D:6)
  A killer bee zombie (D:5)
  2 adders
  8 gnolls
  A worm (D:2)
  3 dart slugs
  9 orcs
  10 ball pythons
  6 bats
  4 bat skeletons (D:4)
  2 bat zombies (D:4)
  9 endoplasms
  2 giant cockroaches
  2 goblins
  3 hobgoblins
  3 jackals (D:2)
  4 quokkas
  13 kobolds
  2 rats (D:3)
115 creatures vanquished.

Notes
Turn   | Place    | Note
-------+----------+-------------------------------------------
     0 | D:1      | lunkers the Troll Cinder Acolyte began the quest for the
                  | Orb.
     0 | D:1      | Reached XP level 1. HP: 22/22 MP: 1/1
   107 | D:1      | Reached XP level 2. HP: 29/29 MP: 2/2
   108 | D:1      | Found Qisaix's Assorted Antiques.
   161 | D:1      | Found a faded altar of an unknown god.
   342 | D:1      | Found Gialucie's Weapon Shop.
   418 | D:1      | Found Osixecw's Antique Armour Emporium.
   565 | D:1      | Found Fuhaxt's General Store.
   582 | D:1      | Found Ynwask's Weapon Boutique.
   651 | D:2      | Reached XP level 3. HP: 36/36 MP: 3/3
   705 | D:2      | Reached skill level 4 in Unarmed Combat
   884 | D:2      | Found a broken altar of Ashenzari.
  1107 | D:2      | Reached XP level 4. HP: 37/45 MP: 4/4
  1680 | D:3      | Noticed Terence
  1691 | D:3      | Killed Terence
  1692 | D:3      | Reached skill level 5 in Unarmed Combat
  1839 | D:4      | Reached XP level 5. HP: 39/53 MP: 5/5
  2003 | D:4      | Found a staircase to the Ecumenical Temple.
  2037 | D:4      | Noticed Blork the orc
  2048 | Temple   | Entered the Ecumenical Temple
  2052 | Temple   | Learned a level 2 spell: Scorch
  2182 | D:4      | Killed Blork the orc
  2183 | D:4      | Reached XP level 6. HP: 62/62 MP: 1/6
  2194 | D:4      | Reached skill level 6 in Unarmed Combat
  2403 | D:4      | Found an ancient bone altar of Kikubaaqudgha.
  2567 | D:4      | Reached XP level 7. HP: 52/70 MP: 7/7
  2642 | D:4      | Found a white marble altar of Elyvilon.
  2958 | D:5      | Entered Level 5 of the Dungeon
  3006 | D:5      | Reached skill level 7 in Unarmed Combat
  3082 | D:5      | Found a shadowy altar of Dithmenos.
  3172 | D:5      | Noticed Edmund
  3212 | D:5      | Killed Edmund
  3495 | D:5      | Reached skill level 8 in Unarmed Combat
  3617 | D:5      | Reached skill level 5 in Fighting
  3617 | D:5      | Reached XP level 8. HP: 47/80 MP: 1/8
  3729 | D:5      | Noticed Sigmund
  3734 | D:5      | Killed Sigmund
  3954 | D:6      | Found a runed translucent gate.
  3954 | D:6      | Found a runed translucent gate.
  3954 | D:6      | Found a runed translucent gate.
  4097 | D:6      | Reached skill level 9 in Unarmed Combat
  4246 | D:6      | You fall into a shaft and drop 3 floors!
  4271 | D:9      | Reached skill level 10 in Unarmed Combat
  4347 | D:9      | Found a blossoming altar of Fedhas.
  4434 | D:9      | Reached XP level 9. HP: 88/89 MP: 9/9
  4443 | D:9      | Noticed a seven-headed hydra
  4450 | D:9      | HP: 1/89 [seven-headed hydra (8)]
  4450 | D:9      | Mangled by a seven-headed hydra

Illustrated notes

Levels and vault maps discovered:
D:1:      dpeg_arrival_chambers_temple_mockup, layout_basic,
          dreamdust_ecumenical_altar_sealed_demon, serial_shops, shop,
          nicolae_shop_waterfront, shop_coins, nicolae_shop_statue_plus,
          nicolae_shop_behind_doors
D:2:      layout_rooms, basic_altar, hex_intersection
D:3:      cheibrodos_old_hovel, layout_loops_ring, uniq_terence
D:4:      layout_cave_pods, nicolae_overflow_hidden_temple,
          kennysheep_vampire_church, minmay_temple_entry_junction_2,
          uniq_blork_the_orc
D:5:      layout_gridville, grunt_dithmenos_smoke, uniq_edmund, uniq_sigmund
D:6:      minmay_klotski, layout_loops_ring, lemuel_zombie_altar_yredelemnul,
          lemuel_round_altar, gammafunk_ghost_cemetery,
          minmay_misc_feat_diagonals, minmay_misc_feat_nine_boxes
D:9:      wad_river_or_something, layout_small_grid, amcnicky_altar_gilded,
          grunt_ministairs_4
Temple:   nicolae_temple_figure_zero

Skill      XL: |  1  2  3  4  5  6  7  8 |
---------------+-------------------------+-----
Unarmed Combat | 4 5 6 8 10 | 10.1
Fighting       | 3 4 5 6 |  6.1
Spellcasting   | |  1.0
Fire Magic     | |  2.1

Action                   |  1- 3 |  4- 6 |  7- 9 || total
-------------------------+-------+-------+-------++-------
Melee: Unarmed           |    98 |   102 |   115 ||   315
       Punch             |     1 |     2 |     9 ||    12
 Cast: Scorch            |       |     3 |    10 ||    13
Evoke: Wand              |       |       |     7 ||     7
  Use: Scroll            |       |     1 |     3 ||     4
Armor: Robe              |    22 |    32 |    37 ||    91
       Skin              |       |     5 |       ||     5
Dodge: Dodged            |    40 |    75 |    60 ||   175

Table legend: (Time is in decaauts)
 A = Elapsed time spent in this place.
 B = Non-inter-level travel time spent in this place.
 C = Inter-level travel time spent in this place.
 D = Time resting spent in this place.
 E = Time spent auto-exploring this place.
 F = Levels seen in this place.
 G = Mean time per level.
                   A        B        C        D        E       F      G
               +--------+--------+--------+--------+--------+-----+--------+
         Total |   4417 |   4245 |    172 |     28 |   3437 |   8 |  552.1 |
       Dungeon |   4291 |   4129 |    162 |     28 |   3325 |   7 |  613.0 |
        Temple |    126 |    116 |     10 |      0 |    112 |   1 |  126.0 |
               +--------+--------+--------+--------+--------+-----+--------+

Top non-repeatable levels by time:
     D:4: 1017 daAuts
     D:5: 962 daAuts
     D:3: 713 daAuts
     D:1: 605 daAuts
     D:2: 482 daAuts
     D:6: 312 daAuts
     D:9: 198 daAuts
  Temple: 126 daAuts
